Construct Light Support Kompanie
Selects Armored Support Battlegroup
Panzerjäger Mechanized Group
Construct Panzerarmee Kommand
Selects Flammpanzer III Medium Tank
Flammpanzer III Medium Tank
Flammpanzer III Medium Tank
Pak 38 Anti-tank Gun Team
Selects Stuka Anti-tank Loiter
Flak 36 Anti-tank Gun Team
Selects Command Panzer IV F Medium Tank
Selects Command Panzer IV F Medium Tank
Command Panzer IV F Medium Tank
Walking Stuka Rocket Launcher